 Dungeon Crawl Stone Soup version 0.27-a0-652-g2d5cf1dcd3 (webtiles) character file.

Game seed: 7285126184160434175

279 Johnny the Magician (level 6, -3/37 HPs)
             Began as a Deep Elf Earth Elementalist on Mar 16, 2021.
             Hit by a boomerang thrown by an orc warrior (20 damage)
             ... on level 3 of the Dungeon.
             The game lasted 00:03:13 (3150 turns).

Johnny the Magician (Deep Elf Earth Elementalist)   Turns: 3150, Time: 00:03:14

Health: -3/37      AC:  4    Str:  5    XL:     6   Next: 5%
Magic:  10/14      EV: 12    Int: 22    God:
Gold:   243        SH:  0    Dex: 15    Spells: 13/14 levels left

rFire    . . .     SeeInvis .   g - +1 short sword (venom)
rCold    . . .     Faith    .   (no shield)
rNeg     . . .     Spirit   .   a - +2 robe {Archmagi}
rPois    .         Reflect  .   (no helmet)
rElec    .         Harm     .   (no cloak)
rCorr    .         Rampage  .   (no gloves)
Will     .....                  (no boots)
Stlth    +++.......             (no amulet)
HPRegen  0.12/turn              (no ring)
MPRegen  0.14/turn              (no ring)

@: no status effects
A: no striking features
a: no special abilities


You were on level 3 of the Dungeon.
You visited 1 branch of the dungeon, and saw 3 of its levels.
You also visited: Sewer.

You collected 243 gold pieces.

Inventory:

Hand Weapons
 c - a +0 spear
 g - a +1 short sword of venom (weapon)
Missiles
 b - 26 stones
Armour
 a - a +2 robe of the Archmagi (worn)
 r - a +0 troll leather armour
Magical Staves
 u - a staff of poison
Scrolls
 e - a scroll of enchant weapon {unknown}
 f - 3 scrolls of blinking {unknown}
 h - a scroll of identify
 i - a scroll of random uselessness {unknown}
 j - 3 scrolls of immolation {unknown}
 k - 4 scrolls of teleportation {unknown}
Potions
 d - 2 potions of haste {unknown}
 l - 2 potions of flight {unknown}
 m - 3 potions of ambrosia
 n - 2 potions of cancellation
 o - a potion of lignification {unknown}
 p - a potion of magic {unknown}
 q - a potion of invisibility {unknown}
 s - a potion of heal wounds {unknown}
 t - a potion of might {unknown}


   Skills:
 * Level 3.1 Fighting
 - Level 2.4 Dodging
 + Level 3.9 Stealth
 + Level 4.6 Spellcasting
 - Level 1.1 Transmutations
 + Level 4.4 Earth Magic


You had 13 spell levels left.
You knew the following spells:

 Your Spells              Type           Power      Damage    Failure   Level
a - Sandblast             Erth           74%        2d16      1%          1

Your spell library contained the following spells:

 Spells                   Type           Power      Damage    Failure   Level
 Passwall                 Tmut/Erth      21%        N/A       4%          2
 Stone Arrow              Conj/Erth      44%        3d9       13%         3
 Petrify                  Tmut/Erth      26%        N/A       32%         4
 Lee's Rapid Deconstruct  Erth           18%        3d12*     43%         5


Dungeon Overview and Level Annotations

Branches:
Dungeon (3/15)              Sewer (visited)

Altars:
Cheibriados
Fedhas
Gozag
Hepliaklqana
Nemelex Xobeh
Trog
Uskayaw
Xom
Yredelemnul
Zin


Message History

Aim: an orc, wielding a +0 club and wearing a +0 leather armour (lightly wounded, 18% to evade)
You feel a surge of power!
The blast of sand hits the orc.
The orc is severely wounded.
The orc hits you with a +0 club.
The orc warrior throws a boomerang.
The boomerang hits you!
Casting: Sandblast (safe; 1% risk of failure)
Confirm with . or Enter, or press ? or * to list all spells.
Aiming: Sandblast (safe; 1% risk of failure)
Press: ? - help, Shift-Dir - straight line, f/p - orc
Aim: an orc, wielding a +0 club and wearing a +0 leather armour (severely wounded, 18% to evade)
You feel a surge of power!
The blast of sand hits the orc!!
You kill the orc!
The orc warrior throws a boomerang.
The boomerang barely misses you.
Casting: Sandblast (safe; 1% risk of failure)
Confirm with . or Enter, or press ? or * to list all spells.
You can't see any susceptible monsters within range! (Use Z to cast anyway.)
The orc warrior throws a boomerang.
The boomerang hits you!
You open the door.
Found a sparkling altar of Nemelex Xobeh.
There is an open door here.
Found a snail-covered altar of Cheibriados and a shimmering altar of Xom.
You close the door.
An orc warrior opens the door.
Found three altars.
You aren't carrying any items that you can evoke without wielding.
Unknown command.
As you read the scroll labelled SOHYCZ QYPLIEP, it crumbles to dust.
It is a scroll of identify.
m - 3 potions of ambrosia
Casting: Sandblast (safe; 1% risk of failure)
Confirm with . or Enter, or press ? or * to list all spells.
Aiming: Sandblast (safe; 1% risk of failure)
Press: ? - help, Shift-Dir - straight line, f - orc warrior
Aim: an orc warrior, wielding a +0 flail, wearing a +0 chain mail and quivering boomerangs (20% to evade)
You feel a surge of power!
The blast of sand hits the orc warrior.
The orc warrior is lightly wounded.
It was a potion of cancellation.
You feel magically purged.
The orc warrior throws a boomerang.
The boomerang hits you!!
Ouch! That really hurt!
You die...

####.##.#....####........###≈#≈≈#
.....##...###.......##...#≈≈≈##≈#
.###.....## .####.####..#≈#≈##≈#
........######## #.#####.#≈#≈#≈≈#
........#.8..8.8 ..#..o..#≈#≈#≈##
.......##8_..._. ##..####≈#≈#≈≈≈
.......# .......#####.# #÷#≈#≈##
.......# 8.........8#.# #.#≈≈÷≈≈
.......# ._..._.@.o.'.# #########
.......# 8.........8### #≈≈≈≈≈≈≈≈
...).).# .......##### ##≈≈#≈#≈##
..##†.## 8_..._.#.# ####..≈.≈≈≈≈≈
....#.###.8..8.8#.###.........≈..
........#########.....###........
.##.....###..##.##.#### ####.##..
.####..>)##†.......## #÷.... .#
###.....<........### #.####


You could see an orc warrior.

Vanquished Creatures
  A water moccasin (Sewer)
  An orc wizard (D:2)
  7 adders
  3 river rats (D:3)
  A worm (D:3)
  A leopard gecko (D:1)
  6 orcs (D:3)
  2 giant cockroaches (D:3)
  6 goblins
  2 hobgoblins
  2 jackals (D:2)
  A quokka (D:2)
  2 ball pythons (D:1)
  12 bats
  2 frilled lizards
  5 kobolds
  12 rats
66 creatures vanquished.

Vanquished Creatures (others)
  4 toadstools (D:1)
4 creatures vanquished.

Grand Total: 70 creatures vanquished

Notes
Turn   | Place    | Note
-------+----------+-------------------------------------------
     0 | D:1      | Johnny the Deep Elf Earth Elementalist began the quest for
                  | the Orb.
     0 | D:1      | Reached XP level 1. HP: 10/10 MP: 6/6
   356 | D:1      | Reached XP level 2. HP: 6/16 MP: 6/8
   568 | D:1      | Reached skill level 1 in Fighting
   943 | D:2      | Found a faded altar of an unknown god.
  1155 | D:2      | Reached XP level 3. HP: 20/20 MP: 8/10
  1363 | D:2      | Found a blossoming altar of Fedhas.
  1363 | D:2      | Found a faded altar of an unknown god.
  1371 | D:2      | Found a hide-covered altar of Uskayaw.
  1373 | D:2      | Found an opulent altar of Gozag.
  1375 | D:2      | Found a hazy altar of Hepliaklqana.
  1914 | D:3      | Reached XP level 4. HP: 26/26 MP: 4/11
  1965 | D:3      | Found a glowing drain.
  2019 | Sewer    | Entered a sewer
  2159 | Sewer    | Noticed a water moccasin
  2166 | Sewer    | Killed a water moccasin
  2167 | Sewer    | Reached XP level 5. HP: 15/32 MP: 8/13
  2950 | D:3      | Reached XP level 6. HP: 31/37 MP: 14/14
  3113 | D:3      | Noticed an orc warrior
  3141 | D:3      | Found a sparkling altar of Nemelex Xobeh.
  3143 | D:3      | Found a snail-covered altar of Cheibriados.
  3143 | D:3      | Found a shimmering altar of Xom.
  3146 | D:3      | Found a basalt altar of Yredelemnul.
  3146 | D:3      | Found a bloodstained altar of Trog.
  3146 | D:3      | Found a glowing silver altar of Zin.
  3150 | D:3      | Hit by a boomerang thrown by an orc warrior

Illustrated notes

Levels and vault maps discovered:
D:1:      ldierk_water_garden, layout_rooms, minivault_26
D:2:      layout_loops_ring, chequers_temple_overflow_minitemple,
          chequers_ecumenical_altar_twisty, chequers_serial_rivers_small_3
D:3:      layout_rooms, lightli_sewer_entry_pipes, doesnt_xom_only_xom

Skill      XL: |  1  2  3  4  5 |
---------------+----------------+-----
Fighting       | 1 2 3 |  3.1
Stealth        | 3 |  3.9
Spellcasting   | 4 |  4.6
Earth Magic    | 4 |  4.4
Dodging        | |  2.4
Transmutations | |  1.1

Action                   |  1- 3 |  4- 6 || total
-------------------------+-------+-------++-------
Melee: Short sword       |    52 |    58 ||   110
       Spear             |     1 |       ||     1
 Cast: Sandblast         |    20 |    35 ||    55
  Use: Scroll            |       |     1 ||     1
       Potion            |       |     1 ||     1
 Stab: Sleeping          |     4 |     4 ||     8
Armor: Robe              |    13 |    40 ||    53
Dodge: Dodged            |    53 |    72 ||   125

Table legend: (Time is in decaauts)
 A = Elapsed time spent in this place.
 B = Non-inter-level travel time spent in this place.
 C = Inter-level travel time spent in this place.
 D = Time resting spent in this place.
 E = Time spent auto-exploring this place.
 F = Levels seen in this place.
 G = Mean time per level.
                   A        B        C        D        E       F      G
               +--------+--------+--------+--------+--------+-----+--------+
         Total |   3204 |   3173 |     31 |    580 |   2050 |   4 |  801.0 |
       Dungeon |   2667 |   2636 |     31 |    303 |   1899 |   3 |  889.0 |
         Sewer |    536 |    536 |      0 |    277 |    151 |   1 |  536.0 |
               +--------+--------+--------+--------+--------+-----+--------+

Top non-repeatable levels by time:
     D:2: 1115 daAuts
     D:3: 782 daAuts
     D:1: 769 daAuts
   Sewer: 536 daAuts
